 Dungeon Crawl Stone Soup version 0.28.0-1-gb440e238dd (webtiles) character file.

Game seed: 1815429264718315650

30109 tilp the Severer (level 13, -3/118 HPs)
             Began as a Hill Orc Fighter on Feb 19, 2022.
             Was a High Priest of Nemelex Xobeh.
             Killed from afar by a lindwurm (7 damage)
             ... with a blast of flame
             ... on level 5 of the Lair of Beasts.
             The game lasted 00:25:43 (21243 turns).

tilp the Severer (Hill Orc Fighter)                Turns: 21243, Time: 00:25:44

Health: -3/118     AC: 23    Str: 24    XL:     13   Next: 49%
Magic:  0/19       EV:  8    Int:  8    God:    Nemelex Xobeh [*****.]
Gold:   1237       SH:  5    Dex: 10    Spells: 12/12 levels left

rFire   . . .      SeeInvis .   a - +1 war axe (elec)
rCold   . . .      Faith    .   c - +0 buckler
rNeg    . . .      Spirit   +   u - +1 plate armour of Recklessness {rPois rCorr}
rPois   +          Reflect  .   w - +1 helmet
rElec   .          Harm     .   (no cloak)
rCorr   +          Rampage  .   Z - +2 pair of gloves
Will    +....                   (no boots)
Stlth   ..........              l - amulet of guardian spirit
HPRegen 0.29/turn               H - +4 ring of protection
MPRegen 0.16/turn               F - ring of willpower

@: no status effects
A: no striking features
a: Renounce Religion, Draw Escape, Draw Destruction, Draw Summoning, Triple
Draw, Deal Four, Stack Five


You were on level 5 of the Lair of Beasts.
You worshipped Nemelex Xobeh.
Nemelex Xobeh was extremely pleased with you.
You visited 2 branches of the dungeon, and saw 16 of its levels.
You also visited: Ossuary.

You collected 1237 gold pieces.

Inventory:

Hand Weapons
 a - a +1 war axe of electrocution (weapon)
 b - a +2 war axe of flaming
 v - a +2 vampiric battleaxe
 V - a +0 vorpal broad axe
Missiles
 i - 17 poisoned darts (quivered)
 j - 12 boomerangs
 A - 3 atropa-tipped darts
 Q - 14 javelins
 R - 2 curare-tipped darts
 U - 4 throwing nets
Armour
 c - a +0 buckler (worn)
 n - the +5 plate armour of the Equinox {rElec Str+4}
   (You found it on level 2 of the Lair of Beasts)

   Str:       It affects your strength (+4).
   rElec:     It insulates you from electricity.
 u - the +1 plate armour of Recklessness (worn) {rPois rCorr}
   (You acquired it on level 1 of the Lair of Beasts)

   rPois:     It protects you from poison.
   rCorr:     It protects you from acid and corrosion.
 w - a +1 helmet (worn)
 z - a +2 chain mail of cold resistance
 D - a scarf of repulsion
 Z - a +2 pair of gloves (worn)
Jewellery
 l - an amulet of guardian spirit (around neck)
 C - a ring of see invisible
 F - a ring of willpower (right hand)
 G - a ring of willpower
 H - a +4 ring of protection (left hand)
 K - an amulet of regeneration
Wands
 q - a wand of flame (36)
 s - a wand of mindburst (5)
 P - a wand of digging (4)
 T - a wand of iceblast (14)
 X - a wand of acid (7)
Scrolls
 m - 2 scrolls of immolation
 p - 6 scrolls of fog
 x - a scroll of torment
 y - 7 scrolls of teleportation
 I - 3 scrolls of blinking
 M - 5 scrolls of enchant weapon
 N - 2 scrolls of vulnerability
 O - a scroll of fear
Potions
 d - 3 potions of mutation
 f - 4 potions of attraction
 g - 3 potions of flight
 h - 4 potions of curing
 k - a potion of might
 o - 4 potions of heal wounds
 r - a potion of cancellation
 t - 3 potions of lignification
 B - a potion of ambrosia
 J - 2 potions of berserk rage
 L - 4 potions of invisibility
 W - 3 potions of magic {unknown}
Miscellaneous
 e - a phial of floods
 Y - a condenser vane


   Skills:
 + Level 12.2 Fighting
 + Level 16.2 Axes
 + Level 6.3 Throwing
 + Level 6.3 Armour
 * Level 6.5 Dodging
 + Level 4.4 Stealth
 + Level 6.4 Shields
 + Level 8.4 Invocations
 + Level 6.3 Evocations


You had 12 spell levels left.
You didn't know any spells.
Your spell library contained the following spells:

 Spells                   Type           Power      Damage    Failure   Level
 Shock                    Conj/Air       0%         1d3       100%        1
 Blink                    Tloc           0%         N/A       100%        2
 Corpse Rot               Necr/Air       0%         N/A       100%        2
 Ensorcelled Hibernation  Hex/Ice        0%         N/A       100%        2
 Passwall                 Tmut/Erth      0%         N/A       100%        2
 Dazzling Flash           Conj/Hex       0%         N/A       100%        3
 Frozen Ramparts          Ice            0%         1d2       100%        3
 Ozocubu's Armour         Ice            0%         N/A       100%        3
 Swiftness                Air            0%         N/A       100%        3
 Anguish                  Hex/Necr       0%         N/A       100%        4
 Dispel Undead            Necr           0%         3d6       100%        4
 Ice Form                 Ice/Tmut       0%         N/A       100%        4
 Summon Ice Beast         Ice/Summ       0%         N/A       100%        4
 Agony                    Necr           0%         N/A       100%        5
 Iskenderun's Battlesphe  Conj           0%         2d6       100%        5
 Manifold Assault         Tloc           0%         N/A       100%        5
 Metabolic Englaciation   Hex/Ice        0%         N/A       100%        5
 Silence                  Hex/Air        0%         N/A       100%        5
 Conjure Ball Lightning   Conj/Air       0%         3x3d6     100%        6
 Death Channel            Necr           0%         N/A       100%        6
 Iron Shot                Conj/Erth      0%         9d1       100%        6
 Simulacrum               Ice/Necr       0%         N/A       100%        6
 Spellforged Servitor     Conj/Summ      0%         N/A       100%        7
 Storm Form               Tmut/Air       0%         N/A       100%        7
 Discord                  Hex            0%         N/A       100%        8
 Disjunction              Tloc           0%         N/A       100%        8


Dungeon Overview and Level Annotations

Branches:
Dungeon (11/15)            Temple (0/1) D:7            Lair (5/6) D:9
 Shoals (0/4) Lair:2        Snake (0/4) Lair:3          Orc (0/2) D:9
Ossuary (visited)
  Slime: Lair:5-6

Altars:
Ashenzari
Cheibriados
Gozag
Hepliaklqana
Kikubaaqudgha
Nemelex Xobeh
Okawaru
Qazlal
Uskayaw
Vehumet
Xom
Yredelemnul
The Shining One

Shops:
D:1 (   D:5 :   D:8 *

Annotations:
D:9 3 runed translucent doors, Suckerboh's ghost, novice DgFi


Message History

You hit the lindwurm but do no damage. Lightning courses through the lindwurm!
The lindwurm is severely wounded.
The lindwurm bites you. The lindwurm claws you.
The lindwurm claws you but does no damage.
You hit the lindwurm.
The lindwurm is severely wounded.
You slice the lindwurm!!
You kill the lindwurm!
The lindwurm breathes flames at you. The blast of flame hits you!
* * * LOW HITPOINT WARNING * * *
The lindwurm barely misses you. The lindwurm misses you.
The lindwurm claws you but does no damage.
You see here a lindwurm corpse.
The lindwurm breathes flames at you. The blast of flame hits you!
* * * LOW HITPOINT WARNING * * *
Found an escape hatch in the ceiling.
The lindwurm breathes flames at you. The blast of flame hits you!
* * * LOW HITPOINT WARNING * * *
The lindwurm bites you.
* * * LOW HITPOINT WARNING * * *
The lindwurm claws you but does no damage.
The lindwurm closely misses you.
You hit the lindwurm but do no damage. The lindwurm bites you!
* * * LOW HITPOINT WARNING * * *
The lindwurm claws you.
* * * LOW HITPOINT WARNING * * *
The lindwurm claws you but does no damage.
Unknown command.
You draw... (choose one card, ? for their descriptions)
a - the Tomb
b - the Cloud
c - the Tomb You have drawn the Tomb.
Walls emerge from the floor!
The lindwurm breathes flames at you. The blast of flame hits you!
You die...
Your body glows with a rainbow of weird colours and disappears.

##....##.#
##.(#####
##...## ###
#.....#
#..##.....###
#..#..........!.
#....†####..#..#
##..#######≈####
##.#≈k@#....≈#
#..####....≈#
#.##.§##≈..##
##<≈.§§ §.§#
#..#..## .##
..#.≈..≈ §# #
§≈...# # ###≈..≈
#§..


You could see a lindwurm (catching breath).

Vanquished Creatures
  2 hydras
  Harold (Lair:2)
  A boulder beetle (D:9)
  A two-headed ogre (D:10)
  A catoblepas (Lair:3)
  Urug (D:10)
  2 lindwurms (Lair:5)
  The ghost of WhatIsLove the Fighter, a novice HOMo of Beogh (D:6)
  4 cyclopes
  A manticore (Lair:1)
  5 elephants (Lair:3)
  4 black mambas
  A gargoyle (D:11)
  An unseen horror (D:10)
  7 cane toads
  7 komodo dragons
  The ghost of Hasart the Insei, a novice OpTm (D:5)
  3 rime drakes
  A wind drake (Lair:2)
  A meliai zombie (D:10)
  A wyvern (Lair:2)
  2 wraiths
  Sigmund (D:2)
  17 yaks
  4 basilisks
  4 steam dragons
  Menkaure (D:7)
  8 water moccasins
  4 sky beasts
  8 orc warriors
  An ice beast (D:5)
  8 wolves
  4 ogres
  4 black bears
  5 necrophages
  4 centaurs
  4 kobold brigands
  3 gnoll sergeants
  11 bullfrogs
  A scorpion (D:5)
  A wyvern zombie (D:7)
  A wyvern skeleton (D:5)
  2 water moccasin skeletons
  11 killer bees
  8 wights
  An electric eel (Lair:2)
  4 howler monkeys
  3 centaur zombies
  7 hounds
  A quasit (D:4)
  3 gnoll shamans
  2 human zombies
  A bullfrog skeleton (D:6)
  A centaur skeleton (D:6)
  3 jellies (D:5)
  5 orc priests (D:9)
  14 orc wizards
  Ijyb (D:5)
  4 iguanas
  5 hell rats (Lair:3)
  A killer bee zombie (D:6)
  7 mummies
  2 howler monkey zombies
  6 adders
  25 gnolls
  A shadow imp (D:6)
  2 white imps
  An ufetubus (D:5)
  An adder skeleton (D:4)
  2 adder zombies (Ossuary)
  3 worms (D:2)
  3 dart slugs
  33 orcs
  6 ball pythons
  2 bats (D:1)
  4 endoplasms
  2 giant cockroaches
  13 goblins
  9 hobgoblins
  3 jackals (D:2)
  3 quokkas (D:1)
  6 frilled lizards
  3 goblin zombies (Ossuary)
  A hobgoblin zombie (Ossuary)
  A jackal zombie (Ossuary)
  17 kobolds
  2 orc zombies (Ossuary)
  A quokka skeleton (D:4)
  6 rats
  2 rat zombies (Ossuary)
387 creatures vanquished.

Vanquished Creatures (collateral kills)
  A titan (Lair:2)
1 creature vanquished.

Vanquished Creatures (others)
  11 fungi
  59 plants
70 creatures vanquished.

Grand Total: 458 creatures vanquished

Notes
Turn   | Place    | Note
-------+----------+-------------------------------------------
     0 | D:1      | tilp the Hill Orc Fighter began the quest for the Orb.
     0 | D:1      | Reached XP level 1. HP: 19/19 MP: 1/1
    19 | D:1      | Found Beol's Weapon Boutique.
    39 | D:1      | Reached skill level 3 in Axes
    44 | D:1      | Reached XP level 2. HP: 25/27 MP: 2/2
   314 | D:1      | Reached skill level 4 in Axes
   457 | D:1      | Reached XP level 3. HP: 33/33 MP: 3/3
   848 | D:2      | Noticed Sigmund
  1239 | D:2      | Killed Sigmund
  1240 | D:2      | Reached skill level 6 in Axes
  1240 | D:2      | Reached XP level 4. HP: 26/40 MP: 4/4
  1240 | D:2      | Reached XP level 5. HP: 29/46 MP: 5/5
  1619 | D:2      | Found a faded altar of an unknown god.
  1632 | D:2      | Reached skill level 1 in Stealth
  1925 | D:3      | Reached XP level 6. HP: 51/52 MP: 6/6
  2068 | D:3      | Found a sparkling altar of Nemelex Xobeh.
  2077 | D:3      | Reached skill level 1 in Throwing
  2080 | D:3      | Became a worshipper of Nemelex Xobeh the Trickster
  2364 | D:3      | Found a radiant altar of Vehumet.
  2804 | D:3      | Reached skill level 1 in Dodging
  3429 | D:4      | Reached * piety under Nemelex Xobeh
  3460 | D:4      | Noticed a black bear
  3468 | D:4      | Killed a black bear
  3469 | D:4      | Reached skill level 7 in Axes
  3469 | D:4      | Reached XP level 7. HP: 56/60 MP: 5/7
  3507 | D:4      | Received a gift from Nemelex Xobeh
  3882 | D:4      | Noticed Grinder
  3889 | D:4      | Noticed Grinder
  3889 | D:4      | Grinder changed into Grinder the quasit
  3892 | D:4      | Killed Grinder the quasit
  4089 | D:4      | Found a broken altar of Ashenzari.
  4396 | D:5      | Entered Level 5 of the Dungeon
  4441 | D:5      | Reached skill level 5 in Fighting
  4500 | D:5      | Found an iron altar of Okawaru.
  4505 | D:5      | Reached skill level 8 in Axes
  4561 | D:5      | Noticed Ijyb
  4566 | D:5      | Killed Ijyb
  4569 | D:5      | Found a hide-covered altar of Uskayaw.
  4595 | D:5      | Reached ** piety under Nemelex Xobeh
  4650 | D:5      | Reached XP level 8. HP: 21/69 MP: 2/8
  5077 | D:5      | Reached skill level 9 in Axes
  5343 | D:5      | Reached skill level 10 in Axes
  5460 | D:5      | Found Luthusism's Book Shoppe.
  5487 | D:5      | Found a runed translucent door.
  5492 | D:5      | Noticed Hasart's ghost (novice OpTm)
  5653 | D:5      | Noticed a yak
  5867 | D:6      | Reached skill level 1 in Invocations
  5992 | D:6      | Reached skill level 1 in Evocations
  6278 | D:6      | Found a runed translucent door.
  6278 | D:6      | Received a gift from Nemelex Xobeh
  6291 | D:6      | Noticed WhatIsLove's ghost (novice HOMo)
  6453 | D:7      | Reached XP level 9. HP: 72/77 MP: 8/10
  6727 | D:7      | Found a staircase to the Ecumenical Temple.
  7053 | D:7      | Reached skill level 11 in Axes
  7701 | D:7      | Noticed Menkaure
  7753 | D:7      | Reached *** piety under Nemelex Xobeh
  7770 | D:7      | Killed Menkaure
  8617 | D:8      | Found a snail-covered altar of Cheibriados.
  8629 | D:8      | Found a sand-covered staircase.
  8638 | Ossuary  | Entered an ossuary
  8638 | Ossuary  | Received a gift from Nemelex Xobeh
  8646 | Ossuary  | Reached XP level 10. HP: 84/86 MP: 11/13
  8891 | D:8      | Noticed a cyclops
  8904 | D:8      | Killed a cyclops
  8905 | D:8      | Reached skill level 12 in Axes
  9325 | D:8      | Noticed a two-headed ogre
  9338 | D:8      | HP: 2/88 [two-headed ogre (14)]
  9363 | D:8      | Found Bofin's Changing Room.
 10335 | D:8      | Found an ancient bone altar of Kikubaaqudgha.
 10956 | D:9      | Found a shimmering altar of Xom.
 11475 | D:9      | Reached skill level 13 in Axes
 11491 | D:9      | Noticed a two-headed ogre
 11492 | D:9      | Noticed a red ugly thing
 11494 | D:9      | Noticed a cyan very ugly thing
 11497 | D:9      | Noticed a centaur warrior
 11500 | D:9      | Noticed Suckerboh's ghost (novice DgFi)
 12333 | D:9      | Found a runed translucent gate.
 12334 | D:9      | Found a runed translucent gate.
 12345 | D:9      | Found a runed translucent gate.
 12382 | D:9      | Reached XP level 11. HP: 95/97 MP: 14/14
 12469 | D:9      | Reached skill level 14 in Axes
 12806 | D:9      | Reached **** piety under Nemelex Xobeh
 12873 | D:9      | Found a staircase to the Lair.
 13070 | D:9      | Found a staircase to the Orcish Mines.
 13125 | D:9      | Found an opulent altar of Gozag.
 13137 | D:9      | Noticed a boulder beetle
 13153 | D:9      | Killed a boulder beetle
 13239 | D:9      | Found a stormy altar of Qazlal.
 13239 | D:9      | Found a hazy altar of Hepliaklqana.
 13504 | D:10     | Entered Level 10 of the Dungeon
 13512 | D:10     | Killed a two-headed ogre
 13513 | D:10     | Reached skill level 10 in Fighting
 13513 | D:10     | Reached skill level 15 in Axes
 13568 | D:10     | Noticed Urug
 13571 | D:10     | Killed Urug
 14160 | D:10     | Found a basalt altar of Yredelemnul.
 14181 | D:10     | Received a gift from Nemelex Xobeh
 14243 | D:10     | Noticed a cyclops
 14249 | D:10     | Killed a cyclops
 14423 | D:10     | Reached skill level 16 in Axes
 14900 | D:10     | Found a glowing golden altar of the Shining One.
 15192 | D:11     | Received a gift from Nemelex Xobeh
 15200 | D:11     | Noticed a cyclops
 15214 | D:11     | Killed a cyclops
 15327 | D:11     | Noticed a cyclops
 15337 | D:11     | Killed a cyclops
 15900 | D:5      | Killed Hasart's ghost
 15970 | D:6      | Killed WhatIsLove's ghost
 16107 | Lair:1   | Entered Level 1 of the Lair of Beasts
 16149 | Lair:1   | Reached skill level 5 in Invocations
 16280 | Lair:1   | Reached ***** piety under Nemelex Xobeh
 16280 | Lair:1   | Received a gift from Nemelex Xobeh
 16313 | Lair:1   | Reached XP level 12. HP: 100/107 MP: 13/15
 16357 | Lair:1   | Got the Almanac of Unholy Confrontation
 16560 | Lair:1   | Reached skill level 5 in Armour
 16560 | Lair:1   | Reached skill level 5 in Shields
 16981 | Lair:1   | Identified a scroll of acquirement
 16981 | Lair:1   | Acquired the +1 plate armour of Recklessness {rPois rCorr}
 17157 | Lair:2   | Noticed Harold
 17158 | Lair:2   | Reached skill level 5 in Evocations
 17159 | Lair:2   | Received a gift from Nemelex Xobeh
 17170 | Lair:2   | Killed Harold
 17381 | Lair:2   | Reached skill level 5 in Throwing
 17431 | Lair:2   | Found a staircase to the Shoals.
 17507 | Lair:2   | Identified the +5 plate armour of the Equinox {rElec Str+4}
 17745 | Lair:2   | Reached skill level 5 in Dodging
 17856 | Lair:2   | Noticed Gastronok
 17858 | Lair:2   | Noticed Gastronok
 17858 | Lair:2   | Gastronok changed into Gastronok the titan
 17862 | Lair:2   | Killed Gastronok the titan
 17923 | Lair:2   | Received a gift from Nemelex Xobeh
 18738 | Lair:3   | Received a gift from Nemelex Xobeh
 18876 | Lair:3   | Received a gift from Nemelex Xobeh
 19003 | Lair:3   | Noticed a catoblepas
 19009 | Lair:3   | Killed a catoblepas
 19010 | Lair:3   | Reached XP level 13. HP: 100/115 MP: 15/18
 19129 | Lair:3   | Received a gift from Nemelex Xobeh
 19419 | Lair:3   | Found a staircase to the Snake Pit.
 19721 | Lair:3   | Received a gift from Nemelex Xobeh
 20942 | Lair:5   | Received a gift from Nemelex Xobeh
 21242 | Lair:5   | HP: 4/118 [lindwurm (2)]
 21243 | Lair:5   | Killed from afar by a lindwurm

Illustrated notes

Levels and vault maps discovered:
D:1:      saegor_arrival_simple_c, layout_basic, serial_shops,
          nicolae_shop_statue_plus, kennysheep_pointless_box
D:2:      layout_basic, shapermc_ecumenical_altar_ellora, uniq_sigmund
D:3:      layout_basic, vehumet_crystals, mainiacjoe_overflow_alcove_2,
          hex_medium, minmay_ogre_servants
D:4:      layout_gridville, nicolae_ashenzari_skybound, grunt_ministairs_14,
          uniq_grinder
D:5:      layout_cave_pools, mainiacjoe_overflow_boulevard,
          eat_drink_and_be_merry_uskayaw, serial_shops, shop,
          ebering_ghost_inner_flame, uniq_ijyb
D:6:      layout_cave_pools, ebering_ghost_sewer_d, kennysheep_nub, st_stairs_1
D:7:      kennysheep_housing_project, layout_basic,
          minmay_temple_entry_stoned_glass, uniq_menkaure
D:8:      layout_basic, mainiacjoe_overflow_concentric_impassable,
          lemuel_mausoleum_altar_kikubaaqudgha, enter_ossuary_1,
          nicolae_transmutations_shop, hangedman_misty_isle
D:9:      layout_cave_pools, mainiacjoe_overflow_alcove_1,
          grunt_gozag_breadcrumbs, gammafunk_temple_overflow_wave,
          david_lair_shrubbed, david_orc_4, gammafunk_ghost_split, minivault_1
D:10:     layout_layer_cave, general_overflow_altar, kennysheep_mini_moat,
          minmay_variable_closet, uniq_urug
D:11:     layout_long_grid
Lair:1:   layout_loops_ring, lemuel_fruit_tree
Lair:2:   layout_gridlike, minmay_shoals_entry_beasts, serial_bayou_lagoon_a,
          uniq_gastronok, uniq_harold
Lair:3:   layout_cave_pods, dummy_snake_entry
Lair:4:   layout_roguey, grunt_megastairs_3
Lair:5:   layout_cave_pods, slime_altar_1, nicolae_lair_lindhole,
          grunt_megastairs_2

Skill      XL: |  1  2  3  4  5  6  7  8  9 10 11 12 13 |
---------------+----------------------------------------+-----
Axes           | 3 4 6 7 8 10 11 13 16 | 16.2
Fighting       | 4 5 6 7 9 10 11 12 | 12.2
Stealth        | 1 2 3 4 |  4.4
Throwing       | 1 2 3 4 6 |  6.3
Dodging        | 1 2 3 4 5 6 |  6.5
Armour         | 4 6 |  6.3
Shields        | 4 6 |  6.4
Invocations    | 2 4 5 7 8 |  8.4
Evocations     | 1 3 4 6 |  6.3

Action                   |  1- 3 |  4- 6 |  7- 9 | 10-12 | 13-15 || total
-------------------------+-------+-------+-------+-------+-------++-------
Melee: War axe           |    80 |   123 |   267 |   586 |   175 ||  1231
Throw: Dart              |       |     3 |     3 |     5 |       ||    11
       Boomerang         |       |     1 |     8 |       |       ||     9
Invok: Draw Destruction  |       |       |     4 |     1 |       ||     5
       Draw Summoning    |       |       |     1 |     1 |       ||     2
       Draw Escape       |       |       |       |     1 |       ||     1
       Triple Draw       |       |       |       |     6 |     1 ||     7
Evoke: Wand              |       |       |       |     5 |       ||     5
  Use: Scroll            |     2 |     9 |     6 |     9 |     3 ||    29
       Potion            |     1 |     1 |     1 |       |       ||     3
Armor: Scale mail        |     9 |       |       |       |       ||     9
       Chain mail        |    44 |    59 |   163 |    83 |       ||   349
       Plate armour      |       |       |     4 |   268 |    94 ||   366
Dodge: Dodged            |    25 |    44 |    97 |   193 |    53 ||   412
Block: Buckler           |    14 |    20 |    60 |   125 |    30 ||   249
